cohdb
Replays
Latest Replays
All Replays
Popular Replays
Top Player Replays
Match Explorer
How It Works
Community
CoH3 Stats
Reddit
Sign in to upload your games and track your stats! →
Sign in with Steam
Match 46535104
Unlisted
Match 46535104
Overview
Messages
Build Orders
End
Selects Australian Defense Battlegroup
Selects Australian Light Infantry Section
Australian Light Infantry Section
Construct Section Command Post
Vickers Machine Gun Team
Construct Platoon Command Post
Infantry Section
Infantry Section
AI Takeover
Moji_1978
Pablo Escobar
『BlackBear』
Tan_sp35
0
0
Comments
sign in to comment!
No comments posted yet!